 Dungeon Crawl Stone Soup version 0.31-a0-1469-gd420192249 (webtiles) character file.

Game seed: 6617139966250404014

48 BigPumpCobain the Changeling (level 3, -1/27 HPs)
             Began as a Merfolk Shapeshifter on Dec 28, 2023.
             Killed from afar by Natasha (7 damage)
             ... with a magic dart
             ... on level 2 of the Dungeon.
             The game lasted 00:01:35 (1119 turns).

BigPumpCobain the Changeling (Merfolk Shapeshifter) Turns: 1119, Time: 00:01:35

Health: -1/27      AC:  2    Str: 16    XL:     3   Next: 72%
Magic:  3/3        EV: 12    Int:  9    God:
Gold:   71         SH:  0    Dex: 13    Spells: 2/2 levels left

rFire   . .          .
                       - Unarmed
rCold   . . .        (no shield)
rNeg    . . .        a - +0 animal skin
rPois   .            (helmet currently unavailable)
rElec   .            (cloak currently unavailable)
rCorr   .            (gloves currently unavailable)
SInv    .            (boots currently unavailable)
Will    .....        (no amulet)
Stlth   +            (no ring)
HPRegen 0.24/turn    (no ring)
MPRegen 0.08/turn

%: no passive effects
@: lethally poisoned (-1 -> -2), about to teleport, beast-form
A: beast (slay +2), (nimble swimmer 2), mertail
a: Begin Untransformation


You were on level 2 of the Dungeon.
You were a hulking beast.
You visited 1 branch of the dungeon, and saw 2 of its levels.

You collected 71 gold pieces.

Inventory:

Armour
 a - a +0 animal skin (worn)
Talismans
 c - a beast talisman
 d - a flux talisman
Scrolls
 h - a scroll of enchant armour
 i - a scroll of torment
 m - a scroll of enchant weapon
Potions
 b - a potion of lignification
 e - a potion of brilliance {unknown}
 g - 2 potions of magic {unknown}


   Skills:
 + Level 2.0 Fighting
 - Level 2.6 Dodging
 * Level 4.2 Unarmed Combat
 + Level 4.5 Shapeshifting


You had 2 spell levels left.
You didn't know any spells.
Your spell library contained the following spells:

 Spells                   Type           Power      Damage    Failure   Level
 Ensorcelled Hibernation  Hex/Ice        0%         N/A       52%         2
 Fugue of the Fallen      Necr           0%         N/A       77%         3
 Ozocubu's Armour         Ice            0%         N/A       77%         3
 Passwall                 Erth           0%         N/A       77%         3
 Swiftness                Air            0%         N/A       77%         3
 Manifold Assault         Tloc           0%         N/A       99%         4


Dungeon Overview and Level Annotations

Branches:
Dungeon (2/15)

Altars:

Shops:
D:1 *[

Annotations:
D:2 Natasha


Innate Abilities, Weirdness & Mutations

You are a hulking beast.
Your limbs bulge with bestial killing power. (Slay +2)
((You are very nimble when in or above water. (Stealth+, EV+, Speed+++)))
Your lower body shifts to a powerful aquatic tail in water.


Message History

The adder poisons you!
You are too injured to fight recklessly!
You are too injured to fight recklessly!
You are too injured to fight recklessly!
You are too injured to fight recklessly!
You are too injured to fight recklessly!
You are too injured to fight recklessly!
You are too injured to fight recklessly!
You are too injured to fight recklessly!
You are too injured to fight recklessly!
You are too injured to fight recklessly!
You are too injured to fight recklessly!
You are too injured to fight recklessly!
You are too injured to fight recklessly!
You are too injured to fight recklessly!
You are too injured to fight recklessly!
You are too injured to fight recklessly!
You are too injured to fight recklessly!
You are too injured to fight recklessly!
You are too injured to fight recklessly!
You are too injured to fight recklessly!
You punch the adder!
You kill the adder!
You feel sick. The bat misses you.
Your Fighting skill increases to level 2!
Natasha, Servant of Life and Death comes into view.
You feel sick. The bat barely misses you. The bat misses you.
You hit the bat.
The bat is heavily wounded.
You feel sick. The bat hits you.
* * * LOW HITPOINT WARNING * * *
As you read the scroll of teleportation, it crumbles to dust.
You feel strangely unstable.
You feel sick.
Natasha casts a spell.
The bat closely misses you.
You feel sick.
Natasha stares at you and mumbles some strange words.
The magic dart hits you!
You die...
Natasha begins licking her fur clean.

#.... #...## #.....
#...# #...5. #####...##
#..... ..........
#....h##+##########...##
.............# #...#
.........:...# #...#
....b........######...##
.......h.....#..........
.............#..........
...$$?.......#..........
....$$.......#..........
.#.$.$.###..............
#..... ####...........
#..... ##..........
#..... #..........
####.######


You could see Natasha, a cerulean imp (summoned) and a bat.

Vanquished Creatures
  2 adders (D:2)
  4 endoplasms
  5 goblins
  4 hobgoblins
  A quokka (D:2)
  4 ball pythons
  2 bats
  4 frilled lizards
  2 kobolds (D:1)
  3 rats (D:1)
31 creatures vanquished.

Notes
Turn   | Place    | Note
-------+----------+-------------------------------------------
     0 | D:1      | BigPumpCobain the Merfolk Shapeshifter began the quest for
                  | the Orb.
     0 | D:1      | Reached XP level 1. HP: 15/15 MP: 1/1
   167 | D:1      | Reached XP level 2. HP: 21/21 MP: 2/2
   348 | D:1      | Found Cogukig's General Store.
   592 | D:1      | Found Seobb's Antique Armour Emporium.
   804 | D:2      | Reached XP level 3. HP: 27/27 MP: 3/3
  1116 | D:2      | Noticed Natasha
  1119 | D:2      | Killed from afar by Natasha

Illustrated notes

Levels and vault maps discovered:
D:1:      spicycebolla_arrival_clurvy, layout_rooms, serial_shops, shop, shop,
          nrook_mini_backslash, minmay_pentomino_t4
D:2:      layout_basic, dreamdust_wishing_well, guppyfry_early_orc_mine,
          uniq_natasha

Skill      XL: |  1  2  3 |
---------------+----------+-----
Unarmed Combat | 4 |  4.2
Fighting       | 2 |  2.0
Dodging        | |  2.6
Shapeshifting  | |  4.5

Action                     || total
---------------------------++-------
  Melee: Unarmed           ||    85
         Punch             ||     2
    Use: Scroll            ||     7
 Armour: Animal skin       ||    42
  Dodge: Dodged            ||    54

Table legend: (Time is in decaauts)
 A = Elapsed time spent in this place.
 B = Non-inter-level travel time spent in this place.
 C = Inter-level travel time spent in this place.
 D = Time resting spent in this place.
 E = Time spent auto-exploring this place.
 F = Levels seen in this place.
 G = Mean time per level.
                   A        B        C        D        E       F      G
               +--------+--------+--------+--------+--------+-----+--------+
         Total |   1112 |   1091 |     21 |      0 |    900 |   2 |  556.0 |
       Dungeon |   1112 |   1091 |     21 |      0 |    900 |   2 |  556.0 |
               +--------+--------+--------+--------+--------+-----+--------+

Top non-repeatable levels by time:
     D:1: 635 daAuts
     D:2: 477 daAuts
